Map: Year Zero LE

Players

Barcode - Winner!

  • Race: Protoss Protoss
  • League: Gold
  • Spawn Location: 11:00

EviLDoK

  • Race: Zerg Zerg
  • League: Platinum
  • Spawn Location: 1:00

VOD

Have the link to the VOD?

Description

Strange game, just uploading to translate the Russian at the end

Time

  • Played on: March 26, 2019, 4:47 p.m.
  • Length: 16:27
Show
View Real Time Build Order
Export as new Build Order

Barcode Protoss - Winner!

Build Orders:  

Get SALT Encoding   

  12  0:00  Probe  
  13  0:13  Probe  
  14  0:20  Pylon  
  14  0:25  Probe  
  15  0:39  Probe  
  16  0:50  Assimilator  
  16  0:51  Probe  
  17  1:03  Probe  
  18  1:07  Gateway  
  18  1:15  Probe  
  19  1:27  Probe  
  21  1:40  Probe  
  21  1:46  Pylon  
  21  1:54  Cybernetics Core  
  21  2:01  Gateway  
  21  2:13  Zealot  
  23  2:16  Pylon  
  23  2:22  Probe  
  24  2:26  Nexus  
  24  2:32  Warp Gate  
  24  2:36  Probe  
  25  2:44  Assimilator  
  25  2:54  Adept x2  
  29  3:05  Probe  
  30  3:26  Twilight Council  
  30  3:29  Probe  
  30  3:32  Adept x2  
  35  3:37  Gateway  
  35  3:40  Probe  
  35  3:41  Probe  
  37  4:03  Pylon  
  33  4:21  Stalker x2  
  37  4:37  Shield Battery  
  37  4:39  Charge  
  37  4:42  Probe x2  
  39  4:46  Zealot x3  
  45  4:53  Pylon  
  45  4:54  Probe x2  
  47  5:06  Probe x2  
  49  5:15  Robotics Facility  
  49  5:16  Gateway  
  49  5:18  Probe x2  
  49  5:19  Gateway  
  51  5:30  Probe x2, Shield Battery  
  51  5:35  Dark Shrine  
  53  5:44  Stalker x2  
  53  5:46  Zealot  
  59  5:51  Probe  
  59  5:52  Probe  
  59  5:55  Immortal  
  61  6:01  Shield Battery  
  61  6:03  Probe  
  66  6:19  Forge  
  66  6:20  Forge  
  66  6:21  Pylon  
  66  6:24  Zealot x2  
  70  6:32  Pylon  
  70  6:33  Assimilator  
  70  6:34  Observer  
  70  6:39  Probe x2  
  71  6:57  Zealot x4  
  71  6:58  Zealot  
  71  7:00  Probe x2  
  83  7:15  Immortal  
  79  7:41  Stalker x2  
  79  7:42  Zealot x2  
  81  7:46  Probe x2  
  83  7:52  Pylon x2  
  83  7:54  Pylon  
  83  8:03  Protoss Ground Armor Level 1, Protoss Ground Weapons Level 1  
  75  8:08  Zealot x2  
  75  8:09  Zealot  
  81  8:13  Zealot x2  
  65  8:42  Zealot x2  
  65  8:47  Zealot x3  
  47  9:03  Dark Templar  
  47  9:04  Dark Templar  
  51  9:19  Immortal  
  51  9:21  Zealot x3  
  61  9:37  Zealot x2  
  53  9:50  Zealot x2  
  53  9:51  Zealot  
  51  10:06  Zealot x2  
  51  10:21  Zealot x2  
  51  10:22  Zealot  
  51  10:35  Dark Templar  
  51  10:36  Dark Templar  
  51  10:43  Immortal  
  51  10:48  Zealot  
  51  10:49  Zealot x2  
  57  10:59  Pylon x2  
  55  11:06  Zealot  
  55  11:16  Immortal  
  55  11:20  Gateway x2  
  55  11:23  Zealot x3  
  55  11:24  Gateway  
  65  11:28  Gateway  
  65  11:42  Dark Templar x2  
  65  11:46  Probe x2  
  71  11:56  Robotics Bay  
  71  12:07  Cybernetics Core  
  71  12:10  Zealot x3  
  75  12:28  Zealot x5  
  75  12:29  Zealot  
  87  12:40  Pylon  
  83  12:50  Zealot x5  
  83  12:51  Zealot x2  
  93  13:02  Shield Battery  
  93  13:03  Shield Battery  
  93  13:04  Shield Battery  
  91  13:11  Zealot x2  
  91  13:12  Zealot x4  
  91  13:35  Zealot  
  91  13:36  Zealot x6  
  105  13:56  Stargate  
  105  13:59  Stargate  
  97  14:18  Dark Templar  
  97  14:19  Dark Templar x5  
  109  14:25  Archon  
  109  14:26  Archon x2  
  109  14:27  Archon  
  109  14:32  Zealot  
  111  15:05  Nexus  
Show
View Real Time Build Order
Export as new Build Order

EviLDoK Zerg 

Build Orders: Pool First 

Get SALT Encoding   

  12  0:03  Drone  
  13  0:08  Drone  
  14  0:19  Overlord  
  14  0:38  Drone  
  14  0:42  Drone  
  16  1:07  Spawning Pool  
  15  1:12  Hatchery  
  14  1:19  Drone x2  
  14  1:21  Drone  
  17  1:40  Extractor  
  16  1:54  Zergling x4  
  18  2:03  Queen  
  18  2:07  Drone x2  
  22  2:26  Queen  
  24  2:39  Drone x2  
  26  2:48  Roach Warren  
  25  2:57  Spine Crawler  
  24  3:14  Extractor  
  23  3:28  Roach x2  
  23  3:30  Overlord x2  
  27  3:34  Spine Crawler  
  27  3:36  Roach  
  27  3:37  Spine Crawler  
  27  3:44  Metabolic Boost  
  27  3:47  Drone  
  28  3:50  Drone  
  28  3:51  Drone  
  28  3:52  Drone  
  30  4:12  Roach  
  30  4:13  Roach x3  
  37  4:41  Drone x2  
  39  4:50  Roach x2  
  43  4:56  Overlord x2  
  43  5:04  Drone  
  44  5:14  Lair  
  44  5:18  Drone, Evolution Chamber  
  44  5:22  Roach x2  
  44  5:23  Roach  
  50  5:28  Spine Crawler  
  49  5:44  Ravager  
  49  5:46  Ravager  
  51  5:50  Roach x2  
  56  6:04  Drone x2  
  57  6:23  Roach  
  59  6:25  Overlord  
  59  6:26  Overlord  
  59  6:29  Zerg Missile Weapons Level 1  
  59  6:41  Overseer  
  59  6:43  Spine Crawler x2  
  55  7:26  Roach x6  
  65  7:51  Glial Reconstitution  
  58  8:08  Roach  
  58  8:09  Roach x5  
  70  8:15  Drone  
  70  8:16  Drone  
  54  8:55  Roach  
  50  8:56  Roach x2  
  52  9:04  Overseer  
  48  9:23  Roach x2  
  44  9:38  Zergling x2  
  44  9:39  Zergling x10  
  48  9:56  Roach x3  
  48  9:57  Zergling x2  
  47  10:18  Roach  
  47  10:19  Roach  
  39  10:29  Roach  
  33  11:06  Roach x4  
  37  11:14  Roach x3  
  37  11:17  Roach  
  45  11:26  Spore Crawler  
  45  11:31  Hatchery  
  44  11:40  Ravager  
  44  11:46  Drone x3  
  47  11:55  Zergling x2  
  47  11:56  Zergling x10  
  47  11:59  Roach  
  55  12:19  Roach x4  
  63  12:31  Queen  
  58  12:53  Roach x6  
  46  13:33  Roach  
  52  13:34  Roach x4  
  54  13:45  Drone x3  
  57  13:50  Roach x2  
  61  13:56  Baneling Nest  
  47  14:13  Overseer  
  47  14:18  Spore Crawler  
  47  14:20  Spine Crawler, Drone x3  
  48  14:31  Roach  
  50  14:42  Ravager  
  51  15:10  Spore Crawler  
  50  15:16  Extractor  
  49  15:27  Roach x4  
  22  16:08  Roach  
Tags
 
Matchup
PvZ
Opening
Pool First
Spawn Locations
Close Positions
Add a new tag
Caveats
  • Supply blocks, unpowered buildings, or Contaminate may cause inaccurate times.
  • Supply counts are checked every 10 seconds.